AoeStats
← hikaru

Arena

504907970Analyzed
2v2 RM · 27d ago on Sep 7, 2026· 24m 22s· 4 players
Game mode
Random Map
Map size
Medium (4 player)
Population
200
Speed
Normal
Resources
Standard
Victory
Conquest
Starting age
Dark Age
Ending age
Imperial Age
RankedLock teamsTeams togetherTeam positionsShared explorationLock speedFull tech treeHidden civsTurbo modeCheats
Victory
Defeat
🇨🇴 Spanish · Colombia
1123
+12
🇨🇴 Romans · Colombia
957
+18
🇦🇷 Turks · Argentina
1127
-20
🇦🇷 Khmer · Argentina
904
-10
hikaru
10:01 Feudal Age
11:38 Horse Collar
14:38 Castle Age
16:13 Double-Bit Axe
18:54 Loom
21:33 Horse Collar
22:26 Heavy Plow
23:38 Gold Mining
xisty
12:17 Feudal Age
16:16 Castle Age
21:09 Imperial Age
18:45 Double-Bit Axe
18:42 Horse Collar
19:27 Padded Archer Armor
20:29 Wheelbarrow
21:42 Loom
XT FeN1x
9:58 Feudal Age
15:01 Castle Age
14:32 Loom
14:54 Double-Bit Axe
14:50 Horse Collar
15:24 Gold Mining
25:09 Wheelbarrow
sensuy
10:43 Feudal Age
15:02 Castle Age
13:19 Double-Bit Axe
14:48 Stone Mining
16:14 Man-at-Arms
16:56 Long Swordsman
17:48 Forging
18:22 Squires
18:07 Horse Collar
22:12 Scale Mail Armor
Connection lost

Rejoining the realm…

Still unreachable

The connection could not be restored.

Session expired

The server has moved on; the page needs a fresh start.